 Dungeon Crawl Stone Soup version 0.21.1-1-g345015f (webtiles) character file.

7 Monsterracer the Vexing (level 2, 0/25 HPs)
             Began as a Hill Orc Arcane Marksman on May 29, 2018.
             Slain by a hobgoblin
             ... wielding a +0 spear
              (1 damage)
             ... on level 1 of the Dungeon.
             The game lasted 00:01:03 (53 turns).

Monsterracer the Vexing (Hill Orc Arcane Marksman)    Turns: 53, Time: 00:01:03

Health: 0/25       AC:  2    Str: 12    XL:     2   Next: 0%
Magic:  3/3        EV: 12    Int: 13    God:
Gold:   11         SH:  0    Dex: 11    Spells: 2/3 levels left

rFire    . . .     SeeInvis .   (no weapon)
rCold    . . .     Gourm    .   (no shield)
rNeg     . . .     Faith    .   a - +0 robe
rPois    .         Spirit   .   (no helmet)
rElec    .         Reflect  .   (no cloak)
rCorr    .         Harm     .   (no gloves)
MR       .....                  (no boots)
Stlth    +.........             (no amulet)
HPRegen  0.08/turn              (no ring)
MPRegen  0.08/turn              (no ring)

@: no status effects
A: no striking features
a: no special abilities


You were on level 1 of the Dungeon.
You were not hungry.

You visited 1 branch of the dungeon, and saw 1 of its levels.

You collected 11 gold pieces.

Inventory:

Armour
 a - a +0 robe (worn)
Comestibles
 c - a ration


   Skills:
 * Level 2.4 Fighting
 - Level 1.7 Throwing
 - Level 1.5 Dodging
 - Level 1.0 Spellcasting
 - Level 3.0 Hexes


You had 2 spell levels left.
You knew the following spells:

 Your Spells              Type           Power        Failure   Level  Hunger
a - Corona                Hex            #......      9%          1    ##.....


Dungeon Overview and Level Annotations

Branches:
Dungeon (1/15)

Altars:


Message History

Aim: a hobgoblin, wielding a spear You throw a javelin.
The javelin hits the hobgoblin but does no damage.
The giant cockroach closely misses you.
The hobgoblin hits you from afar with a spear.
The giant cockroach bites you but does no damage.
You take 2 damage, and have 18/25 hp.
Throwing (i - inventory. (,) - cycle):
f - a javelin (quivered)
Press: ? - help, Shift-Dir - straight line, f/p - hobgoblin
Aim: a hobgoblin, wielding a spear You throw a javelin.
The javelin barely misses the hobgoblin.
The hobgoblin hits you from afar with a spear.
The giant cockroach closely misses you.
The hobgoblin hits you but does no damage.
The giant cockroach bites you.
You take 1 damage, and have 17/25 hp.
Throwing (i - inventory):
d - a throwing net (quivered)
Press: ? - help, Shift-Dir - straight line, f/p - hobgoblin
Aim: a hobgoblin, wielding a spear You throw a throwing net.
The throwing net hits the hobgoblin.
The hobgoblin is caught in the net!
The giant cockroach barely misses you.
The hobgoblin struggles against the net.
The giant cockroach bites you but does no damage.
The hobgoblin struggles against the net.
You hit the hobgoblin.
The hobgoblin is lightly wounded.
The giant cockroach closely misses you.
You catch the helpless hobgoblin completely off-guard!
You hit the hobgoblin but do no damage.
The hobgoblin is lightly wounded.
The hobgoblin struggles against the net.
The giant cockroach bites you but does no damage.
You barely miss the hobgoblin.
The hobgoblin is lightly wounded.
The giant cockroach bites you but does no damage.
The hobgoblin struggles against the net.
The goblin closely misses you.
The giant cockroach bites you but does no damage.
You hit the hobgoblin but do no damage.
The hobgoblin is lightly wounded.
The hobgoblin struggles against the net.
The goblin hits you but does no damage. The giant cockroach bites you.
You take 1 damage, and have 16/25 hp.
You barely miss the hobgoblin.
The hobgoblin is lightly wounded.
The goblin drinks a potion.
The goblin seems to grow stronger.
The hobgoblin struggles against the net.
The net rips apart, and the hobgoblin comes free!
The giant cockroach misses you.
You hit the hobgoblin.
The hobgoblin is heavily wounded.
The goblin hits you with a dagger.
* * * LOW HITPOINT WARNING * * *
The hobgoblin hits you with a spear.
* * * LOW HITPOINT WARNING * * *
The giant cockroach closely misses you.
You take 10 damage, and have 6/25 hp.
MASSIVE DAMAGE!!
The giant cockroach barely misses you.
The goblin throws a stone.
The stone hits you but does no damage.
The hobgoblin hits you from afar with a spear.
* * * LOW HITPOINT WARNING * * *
Items here: ((( ) † a stone; a javelin; a club; a throwing net; a goblin corpse You take 3 damage, and have 3/25 hp.
Firing (i - inventory): No suitable missiles.
Press: ? - help, Shift-Dir - straight line, f/p - hobgoblin
Aim: a hobgoblin, wielding a spear (heavily wounded)
Okay, then.
The giant cockroach bites you.
* * * LOW HITPOINT WARNING * * *
You take 1 damage, and have 2/25 hp.
You see here a rat corpse.
The goblin throws a stone.
The stone barely misses you.
The goblin throws a stone.
The stone barely misses you.
You see here a stone.
The giant cockroach closely misses you.
You see here a stone.
The goblin throws a stone.
The stone misses you.
You hit the giant cockroach.
The giant cockroach is moderately wounded.
The giant cockroach bites you.
* * * LOW HITPOINT WARNING * * *
You take 2 damage, and have 1/25 hp.
You hit the giant cockroach but do no damage.
The giant cockroach is moderately wounded.
The giant cockroach closely misses you.
You barely miss the giant cockroach.
The giant cockroach is moderately wounded.
The giant cockroach barely misses you.
The giant cockroach bites you but does no damage.
You hit the giant cockroach but do no damage.
The giant cockroach is moderately wounded.
The giant cockroach barely misses you.
Unknown command.
You hit the giant cockroach.
The giant cockroach is heavily wounded.
The giant cockroach closely misses you.
The hobgoblin hits you from afar with a spear.
You die...

#..8..†.g8......
#..#..†).#......
#..#..<..#..#...
####..#.....#..#
..
......8.(...8..#
.....##g######.#
......#g....#..#
......(s.......
.......@.....##
.......#######
..^.... .......
....... .......
....... .......


You could see a giant cockroach, a hobgoblin and a goblin.

Vanquished Creatures
  2 goblins (D:1)
  2 hobgoblins (D:1)
  A bat (D:1)
  A rat (D:1)
6 creatures vanquished.

Notes
Turn   | Place    | Note
-------+----------+-------------------------------------------
     0 | D:1      | Monsterracer the Hill Orc Arcane Marksman began the quest for the Orb.
     0 | D:1      | Reached XP level 1. HP: 16/16 MP: 2/2
    21 | D:1      | Reached XP level 2. HP: 22/25 MP: 3/3
    38 | D:1      | HP: 11/25 [goblin/dagger (5)]
    39 | D:1      | HP: 3/25 [hobgoblin/spear (3)]
    49 | D:1      | HP: 1/25 [giant cockroach (2)]
    53 | D:1      | Slain by a hobgoblin

Skill      XL: |  1 |
---------------+----+-----
Fighting       | 2 |  2.4
Throwing       | |  1.7
Dodging        | |  1.5
Spellcasting   | |  1.0
Hexes          | |  3.0

Action                   || total
-------------------------++-------
Melee: Unarmed           ||    17
Throw: Javelin           ||     7
       Throwing net      ||     2
 Cast: Corona            ||     1
 Stab: Held in net/web   ||     1
Armor: Robe              ||    13
Dodge: Dodged            ||    27

Vault maps used:
D:1:      scummos_arrival_simple_crosswalls
